 Dungeon Crawl Stone Soup version 0.28.0 (webtiles) character file.

Game seed: 8495094958923215999

110 BingusPrime the Ruffian (level 4, -1/35 HPs)
             Began as a Draconian Transmuter on June 10, 2022.
             Killed from afar by an orc wizard (6 damage)
             ... with a puff of flame
             ... on level 3 of the Dungeon.
             The game lasted 00:06:42 (2529 turns).

BingusPrime the Ruffian (Draconian Transmuter)      Turns: 2529, Time: 00:06:42

Health: -1/35      AC:  5    Str: 14    XL:     4   Next: 61%
Magic:  7/8        EV: 12    Int: 14    God:
Gold:   60         SH:  0    Dex: 11    Spells: 6/9 levels left

rFire   . . .      SeeInvis .     - Unarmed
rCold   . . .      Faith    .   (no shield)
rNeg    . . .      Spirit   .   (armour unavailable)
rPois   .          Reflect  .   (helmet currently unavailable)
rElec   .          Harm     .   (no cloak)
rCorr   .          Rampage  .   (no gloves)
Will    .....                   (boots currently unavailable)
Stlth   +.........              (no amulet)
HPRegen 0.11/turn               (no ring)
MPRegen 0.11/turn               (no ring)

@: appendages (expiring), attractive, hasted, very quick
A: horns 2, talons 2, AC +5, unfitting armour, cold-blooded, stinger 1,
screaming 1, subdued magic 1
a: End Transformation


You were on level 3 of the Dungeon.
You had temporarily grown beastly horns and talons.
You visited 1 branch of the dungeon, and saw 3 of its levels.

You collected 60 gold pieces.

Inventory:

Missiles
 f - 118 stones
 h - a throwing net
Jewellery
 a - a ring of protection from cold
Wands
 e - a wand of iceblast (6)
Scrolls
 c - a scroll of fear
Potions
 g - a potion of attraction


   Skills:
 * Level 1.5 Fighting
 * Level 2.3 Dodging
 + Level 3.7 Unarmed Combat
 * Level 3.0 Spellcasting
 * Level 2.8 Transmutations


You had 6 spell levels left.
You knew the following spells:

 Your Spells              Type           Power      Damage    Failure   Level
a - Beastly Appendage     Tmut           14%        N/A       5%          1
b - Wereblood             Tmut           7%         N/A       8%          2

Your spell library contained the following spells:

 Spells                   Type           Power      Damage    Failure   Level
 Summon Small Mammal      Summ           4%         N/A       19%         1
 Spider Form              Tmut/Pois      4%         N/A       30%         3
 Call Canine Familiar     Summ           1%         N/A       50%         3
 Summon Guardian Golem    Hex/Summ       1%         N/A       50%         3
 Ice Form                 Ice/Tmut       4%         N/A       71%         4


Dungeon Overview and Level Annotations

Branches:
Dungeon (3/15)

Altars:

Shops:
D:2 ?


Innate Abilities, Weirdness & Mutations

You have temporarily grown beastly horns and talons.
Your plain brown scales are hard. (AC +5)
You cannot fit into any form of body armour.
You are cold-blooded and may be slowed by cold attacks.
Your tail ends in a venomous barb.
You occasionally shout uncontrollably at your foes.
Your spells are a little easier to cast, but a little less powerful.


Message History

You barely miss the orc. Your kick misses the orc.
The orc hits you but does no damage. The orc hits you with a +0 short sword.
You hit the orc but do no damage.
Your tail-slap misses the orc.
The orc hits you with a +0 club.
You hit the orc.
Your tail-slap misses the orc.
The orc is heavily wounded.
The orc barely misses you. The orc hits you with a +0 club.
You hit the orc but do no damage. You claw the orc. Your punch misses the orc.
The orc is heavily wounded.
The orc hits you but does no damage. x2
You hit the orc but do no damage. Your kick misses the orc.
You tail-slap the orc, but do no damage.
You punch the orc, but do no damage.
The orc is heavily wounded.
The orc hits you with a +0 short sword. The orc hits you with a +0 club.
* * * LOW HITPOINT WARNING * * *
It was a potion of haste.
You feel yourself speed up. The orc hits you with a +0 short sword.
* * * LOW HITPOINT WARNING * * *
The orc barely misses you.
It was a potion of mutation.
You feel extremely strange.
You feel the urge to shout.
Your connection to magic feels subdued.
A venomous barb forms on the end of your tail.
The orc closely misses you. The orc hits you but does no damage.
It was a potion of attraction.
You feel attractive to monsters.
You hit the orc. You claw the orc.
You kill the orc!
The orc hits you with a +0 club.
* * * LOW HITPOINT WARNING * * *
You barely miss the orc. Your kick misses the orc. You headbutt the orc!
You kill the orc!
Your transformation is almost over.
Something is attracted toward you.
You closely miss something. Your kick misses something.
Your punch misses something.
You hear some strange, mumbled words.
A puff of flame appears from out of thin air!
The puff of flame hits you.
You die...

########
#......#######
#......'.....#
#......#####.#
#......#<....#
#......#.#†###
#.....)#.#.#
######@#.#.#
#{#...#
#§##### #..
###


There were no monsters in sight!

Vanquished Creatures
  4 gnolls (D:2)
  2 adders (D:2)
  A dart slug (D:2)
  3 orcs (D:3)
  3 ball pythons
  An endoplasm (D:2)
  2 giant cockroaches
  6 goblins
  4 hobgoblins
  4 jackals
  2 kobolds
  5 quokkas
  2 bats (D:1)
  4 frilled lizards
  4 rats
47 creatures vanquished.

Notes
Turn   | Place    | Note
-------+----------+-------------------------------------------
     0 | D:1      | BingusPrime the Draconian Transmuter began the quest for
                  | the Orb.
     0 | D:1      | Reached XP level 1. HP: 16/16 MP: 3/3
    72 | D:1      | Reached XP level 2. HP: 16/23 MP: 3/5
   938 | D:2      | Reached XP level 3. HP: 22/28 MP: 4/6
  1316 | D:2      | Found Vomyd's Magic Scroll Emporium.
  1721 | D:2      | Reached XP level 4. HP: 35/35 MP: 7/7
  2055 | D:2      | Learned a level 2 spell: Wereblood
  2525 | D:3      | Gained mutation: You occasionally shout uncontrollably at
                  | your foes. [potion of mutation]
  2525 | D:3      | Gained mutation: Your spells are a little easier to cast,
                  | but a little less powerful. [potion of mutation]
  2525 | D:3      | Gained mutation: Your tail ends in a venomous barb. [potion
                  | of mutation]
  2529 | D:3      | Killed from afar by an orc wizard

Illustrated notes

Levels and vault maps discovered:
D:1:      tarquinn_simple_flora_water_b, layout_rooms, serial_rivers,
          chequers_serial_rivers_large_a, chequers_serial_rivers_micro_b,
          chequers_serial_rivers_micro_a, chequers_serial_rivers_small_3,
          chequers_serial_rivers_micro_b, chequers_serial_rivers_small_3
D:2:      layout_loops_corners, serial_shops, shop_statue
D:3:      layout_basic, nicolae_overflow_hidden_temple,
          nicolae_ecumenical_snake_handling

Skill      XL: |  1  2  3  4 |
---------------+-------------+-----
Dodging        | 2 |  2.3
Spellcasting   | 3 |  3.0
Fighting       | |  1.5
Unarmed Combat | |  3.7
Transmutations | |  2.8

Action                   |  1- 3 |  4- 6 || total
-------------------------+-------+-------++-------
Melee: Unarmed           |   117 |    31 ||   148
       Kick              |    18 |     5 ||    23
       Headbutt          |    13 |     2 ||    15
       Tailslap          |     6 |     5 ||    11
       Punch             |     3 |     3 ||     6
 Cast: Beastly Appendage |    22 |     5 ||    27
Evoke: Wand              |     2 |     1 ||     3
  Use: Scroll            |     2 |       ||     2
       Potion            |       |     3 ||     3
Armor: Skin              |    26 |    10 ||    36
Dodge: Dodged            |    61 |    15 ||    76
